Map: Emerald City LE

Players

WackerPacker - Winner!

  • Race: Terran Terran
  • Spawn Location: 11:00

Zahn - Winner!

  • Race: Protoss Protoss
  • Spawn Location: 11:00

Massa

  • Race: Terran Terran
  • League: Platinum
  • Spawn Location: 5:00

qqq

  • Race: Zerg Zerg
  • Spawn Location: 5:00

VOD

Have the link to the VOD?

Description

Time

  • Played on: Oct. 10, 2020, 4:05 p.m.
  • Length: 12:27
Show
View Real Time Build Order
Export as new Build Order

WackerPacker Terran - Winner!

Build Orders:  

Get SALT Encoding   

  12  0:00  SCV  
  13  0:13  SCV  
  14  0:22  Supply Depot  
  14  0:25  SCV  
  15  0:30  Refinery  
  15  0:43  SCV  
  15  0:49  Barracks  
  16  0:56  SCV  
  17  1:05  Barracks  
  17  1:15  Supply Depot  
  17  1:20  SCV  
  18  2:01  Orbital Command  
  18  2:06  Refinery  
  18  2:10  Marine x2  
  20  2:26  Factory  
  19  2:42  Command Center  
  19  2:47  SCV  
  20  3:03  Barracks Reactor  
  20  3:08  Barracks Reactor  
  20  3:11  Factory Tech Lab  
  20  3:32  SCV  
  21  3:37  Supply Depot  
  21  3:38  Siege Tank  
  24  3:44  SCV  
  24  3:46  Marine x2  
  24  3:47  Marine x2  
  29  3:56  SCV  
  30  4:04  Marine x2  
  30  4:05  Marine  
  30  4:08  SCV  
  34  4:10  Engineering Bay, Siege Tank  
  37  4:27  Marine x2  
  37  4:28  Marine  
  37  4:30  SCV  
  41  4:34  SCV  
  42  4:42  SCV, Marine, Siege Tank  
  42  4:45  Marine  
  48  4:54  Orbital Command  
  48  5:01  Bunker  
  48  5:06  Bunker  
  48  5:10  Marine x2  
  50  5:20  SCV  
  51  5:26  Marine x2  
  53  5:29  SCV  
  54  5:46  Sensor Tower, Supply Depot  
  54  5:51  Supply Depot  
  54  5:59  Supply Depot  
  54  6:05  SCV  
  54  6:07  Missile Turret  
  48  6:17  SCV  
  49  6:29  SCV  
  50  6:41  SCV  
  50  6:46  Missile Turret  
  51  6:53  Missile Turret  
  51  6:54  SCV  
  52  6:55  SCV  
  52  6:57  Missile Turret  
  53  7:06  SCV, Missile Turret  
  53  7:08  SCV  
  55  7:09  Missile Turret  
  55  7:17  Barracks  
  55  7:18  SCV  
  55  7:20  SCV, Barracks  
  55  7:32  SCV  
  57  7:44  SCV  
  57  7:50  SCV  
  58  7:56  SCV  
  58  7:57  Missile Turret  
  59  8:00  Refinery  
  59  8:01  Refinery, Marine x4  
  59  8:02  SCV  
  64  8:08  SCV  
  65  8:14  SCV  
  65  8:19  Marine x3  
  69  8:20  SCV  
  69  8:24  Supply Depot  
  69  8:26  Supply Depot  
  69  8:27  SCV  
  71  8:30  Supply Depot  
  71  8:32  SCV  
  72  8:39  SCV  
  73  8:47  SCV  
  74  8:51  SCV, Barracks Tech Lab  
  74  8:52  Barracks Reactor  
  75  8:59  SCV  
  75  9:00  Barracks  
  75  9:02  Barracks  
  76  9:03  SCV, Barracks  
  76  9:05  Supply Depot  
  76  9:06  Terran Infantry Weapons Level 1  
  76  9:07  Supply Depot  
  77  9:11  SCV  
  77  9:13  Marine x3  
  77  9:14  Marine x2  
  83  9:31  Marine x4  
  83  9:36  Starport  
  83  9:37  Starport  
  87  9:49  Marine x2  
  87  9:50  Marine x5  
  87  10:07  Marine x3  
  87  10:08  Marine x4  
  87  10:11  Barracks Reactor  
  87  10:12  Barracks Reactor x2  
  94  10:25  Marine x5  
  94  10:26  Marine x2  
  98  10:43  Marine x6  
  98  10:44  Marine  
  105  11:01  Marine x7  
  112  11:15  Marine x3  
  112  11:16  Marine x3  
  118  11:20  Supply Depot  
  118  11:21  Supply Depot x2  
  118  11:27  Marine x7  
  125  11:33  Marine  
  125  11:37  Marine x4  
  125  11:38  Marine  
  131  11:44  Marine x3  
  131  11:46  Siege Tank  
Show
View Real Time Build Order
Export as new Build Order

Zahn Protoss - Winner!

Build Orders: Oracle Opening, Carriers, Carrier Rush 

Get SALT Encoding   

  12  0:01  Probe  
  13  0:13  Probe  
  14  0:19  Pylon  
  14  0:26  Probe  
  15  0:38  Probe  
  15  0:40  Gateway  
  16  0:50  Assimilator  
  16  0:52  Probe (Chrono Boost)  
  17  1:02  Probe (Chrono Boost)  
  18  1:07  Probe (Chrono Boost)  
  18  1:11  Assimilator  
  19  1:26  Probe  
  19  1:41  Probe  
  20  1:50  Cybernetics Core  
  20  1:53  Probe  
  21  1:54  Nexus  
  21  2:05  Probe  
  22  2:11  Pylon  
  22  2:17  Probe (Chrono Boost)  
  24  2:31  Probe (Chrono Boost)  
  24  2:40  Probe (Chrono Boost), Stargate  
  25  2:45  Pylon  
  26  2:52  Probe (Chrono Boost)  
  26  3:01  Probe (Chrono Boost)  
  26  3:04  Pylon  
  27  3:07  Probe  
  27  3:11  Probe (Chrono Boost)  
  27  3:22  Probe (Chrono Boost), Oracle (Chrono Boost)  
  32  3:29  Probe (Chrono Boost)  
  32  3:32  Probe (Chrono Boost)  
  33  3:41  Fleet Beacon  
  33  3:42  Probe x2  
  35  3:52  Assimilator  
  35  3:54  Probe x2  
  37  3:56  Oracle  
  40  4:06  Probe (Chrono Boost)  
  40  4:07  Probe (Chrono Boost)  
  42  4:11  Pylon  
  42  4:19  Probe x2 (Chrono Boost)  
  44  4:24  Probe x2 (Chrono Boost)  
  48  4:46  Carrier  
  49  4:53  Probe  
  49  4:54  Probe  
  49  4:57  Assimilator  
  51  5:01  Stargate  
  51  5:05  Probe  
  51  5:06  Probe  
  53  5:07  Pylon  
  53  5:11  Pylon  
  53  5:17  Probe  
  53  5:18  Probe  
  55  5:24  Protoss Air Weapons Level 1  
  55  5:32  Probe x2  
  55  5:35  Pylon  
  57  5:43  Carrier (Chrono Boost), Void Ray (Chrono Boost)  
  57  5:44  Probe  
  64  5:51  Probe  
  64  5:56  Probe  
  70  6:02  Nexus  
  70  6:04  Probe  
  71  6:08  Probe  
  70  6:34  Carrier  
  71  6:40  Carrier  
  71  6:43  Probe x2  
  74  6:58  Probe x2  
  76  7:05  Stargate  
  76  7:10  Probe  
  76  7:11  Probe  
  78  7:19  Probe  
  78  7:22  Probe  
  80  7:32  Protoss Air Weapons Level 2 (Chrono Boost)  
  80  7:44  Carrier x2  
  80  7:48  Probe  
  80  7:51  Assimilator  
  93  7:52  Probe  
  93  7:53  Probe  
  93  7:54  Assimilator  
  93  7:58  Forge  
  95  8:00  Probe  
  96  8:16  Pylon  
  96  8:19  Pylon  
  96  8:22  Shield Battery  
  96  8:25  Shield Battery  
  96  8:27  Pylon  
  96  8:31  Probe  
  96  8:32  Probe  
  98  8:34  Carrier  
  98  8:39  Pylon  
  98  8:40  Pylon  
  98  8:41  Pylon  
  104  8:42  Pylon  
  104  8:44  Protoss Shields Level 1, Pylon, Photon Cannon  
  104  8:47  Probe, Photon Cannon  
  104  8:48  Probe, Carrier  
  112  8:57  Photon Cannon  
  107  9:16  Carrier  
  113  9:21  Photon Cannon  
  113  9:38  Probe  
  114  9:39  Carrier  
  114  9:43  Photon Cannon  
  120  10:09  Carrier (Chrono Boost)  
  120  10:14  Probe x2 (Chrono Boost)  
  129  10:19  Probe (Chrono Boost)  
  135  10:21  Carrier (Chrono Boost)  
  123  10:42  Carrier (Chrono Boost)  
  114  11:01  Probe x2  
  116  11:11  Carrier (Chrono Boost)  
  122  11:18  Carrier (Chrono Boost)  
Show
View Real Time Build Order
Export as new Build Order

Massa Terran 

Build Orders: Gas First Reaper Expand 

Get SALT Encoding   

  12  0:00  SCV  
  13  0:12  SCV  
  14  0:23  Supply Depot  
  14  0:25  SCV  
  15  0:31  Refinery  
  15  0:45  SCV  
  15  0:46  Barracks  
  16  0:57  SCV  
  17  1:09  SCV  
  18  1:21  SCV  
  18  1:23  Supply Depot  
  19  1:36  Reaper  
  20  1:40  Orbital Command  
  20  1:56  Command Center  
  20  2:07  Marine  
  22  2:15  SCV  
  22  2:27  SCV  
  23  2:31  Factory  
  23  2:39  SCV  
  23  2:42  Refinery  
  23  2:43  Engineering Bay  
  24  2:47  Supply Depot  
  24  2:49  Barracks Reactor  
  24  2:52  SCV  
  24  2:57  Supply Depot  
  25  3:04  SCV  
  26  3:21  Orbital Command  
  26  3:22  SCV  
  27  3:28  Marine x2  
  27  3:34  Widow Mine, SCV  
  32  3:40  Starport  
  32  3:42  Refinery, Missile Turret  
  32  3:46  Marine x2  
  34  3:50  SCV x2  
  34  3:51  Supply Depot  
  38  3:55  Widow Mine  
  38  4:04  Marine x2  
  38  4:09  Supply Depot  
  40  4:17  Factory Tech Lab  
  40  4:22  Marine x2  
  42  4:31  Medivac  
  42  4:32  Supply Depot  
  42  4:35  SCV x2  
  42  4:47  SCV x2  
  43  4:59  SCV x2  
  45  5:01  Liberator, Siege Tank  
  45  5:02  Marine  
  45  5:03  Marine  
  53  5:11  SCV  
  53  5:12  SCV  
  54  5:20  Marine  
  55  5:24  SCV x2  
  55  5:27  Missile Turret  
  57  5:31  Missile Turret  
  57  5:35  Armory, Terran Infantry Weapons Level 1  
  57  5:36  SCV  
  57  5:38  Marine  
  57  5:39  Marine  
  57  5:42  Siege Tank  
  63  5:56  Marine x2  
  65  6:32  Marine x2  
  67  6:34  SCV x2  
  72  6:42  Drilling Claws  
  72  6:45  Command Center  
  72  6:46  SCV  
  72  6:47  SCV  
  74  6:50  Marine x2  
  70  6:54  Thor  
  70  6:59  Refinery, SCV  
  77  7:06  Barracks  
  77  7:07  Marine  
  77  7:08  Marine  
  79  7:11  Barracks  
  79  7:12  Barracks  
  79  7:25  Marine x2  
  79  7:29  Terran Infantry Armor Level 1  
  79  7:43  Marine  
  76  7:50  Thor  
  82  7:53  Terran Vehicle Weapons Level 1  
  82  7:57  Barracks Tech Lab, Armory  
  82  7:59  Barracks Reactor  
  82  8:00  Barracks Reactor  
  82  8:06  Engineering Bay  
  82  8:12  Starport Reactor, Missile Turret  
  82  8:15  Marine  
  82  8:16  Marine  
  84  8:26  Stimpack  
  84  8:29  Orbital Command  
  84  8:31  SCV x2  
  84  8:32  Missile Turret  
  84  8:33  Marine x2, Thor  
  94  8:37  Refinery  
  94  8:43  SCV  
  95  8:51  Marine x2, Viking  
  95  8:52  SCV  
  95  8:54  Missile Turret  
  95  8:55  SCV  
  101  8:59  Missile Turret  
  101  9:10  Supply Depot  
  101  9:11  Supply Depot  
  101  9:14  Terran Vehicle And Ship Armor Level 1, Missile Turret, Supply Depot  
  101  9:15  Supply Depot  
  101  9:29  Refinery  
  101  9:32  SCV, Marine, Thor  
  101  9:33  SCV x2  
  101  9:36  Supply Depot  
  111  9:44  SCV  
  111  9:45  SCV x2  
  114  9:49  Command Center  
  114  9:52  Sensor Tower  
  114  9:56  SCV  
  114  9:57  SCV x2  
  114  9:59  Marine x3  
  119  10:00  Marine x4  
  124  10:07  Factory  
  124  10:08  SCV  
  124  10:09  SCV x2  
  124  10:12  Factory  
  127  10:14  Thor  
  127  10:17  Marine x4  
  127  10:18  Marine x2  
  127  10:19  Viking  
  141  10:31  SCV  
  141  10:32  SCV x2, Viking  
  100  10:48  Marine  
  100  10:49  Marine x6, Viking  
  91  10:52  Factory Tech Lab  
  91  10:55  Factory Tech Lab  
  90  10:57  Thor  
  85  11:06  Marine  
  85  11:07  Marine x6  
  85  11:19  Thor x2  
  85  11:24  Marine  
  98  11:31  Sensor Tower  
  97  11:38  Viking  
  97  11:39  Viking  
Show
View Real Time Build Order
Export as new Build Order

qqq Zerg 

Build Orders: Hatch First, Swarm Host 

Get SALT Encoding   

  12  0:01  Drone  
  13  0:11  Drone  
  14  0:35  Hatchery  
  13  0:42  Drone  
  14  0:58  Spawning Pool  
  14  1:04  Overlord  
  13  1:08  Drone  
  14  1:22  Extractor  
  14  1:23  Drone x2  
  15  1:47  Zergling x2  
  15  1:49  Drone  
  17  1:56  Drone  
  17  1:57  Queen  
  20  2:08  Drone  
  21  2:24  Drone x3  
  23  2:37  Drone x3  
  23  2:40  Queen  
  28  2:48  Overlord  
  28  2:51  Overlord  
  28  2:57  Metabolic Boost  
  28  3:06  Drone  
  28  3:07  Drone  
  28  3:09  Drone  
  28  3:12  Zergling x4  
  33  3:14  Zergling x2  
  33  3:19  Drone  
  35  3:20  Drone  
  35  3:22  Zergling x2  
  37  3:29  Zergling x2  
  37  3:30  Zergling x2  
  39  3:38  Overlord  
  39  3:41  Zergling x6  
  42  3:45  Zergling x2  
  43  3:49  Zergling x2  
  43  3:51  Overlord  
  44  3:59  Zergling x4  
  44  4:01  Zergling x2  
  44  4:02  Zergling x2  
  48  4:09  Zergling x2  
  49  4:10  Overlord  
  49  4:11  Zergling x4  
  43  4:44  Zergling x10  
  43  4:45  Drone x2, Zergling x2  
  46  4:46  Drone x4  
  46  4:52  Spore Crawler  
  50  4:54  Spore Crawler  
  50  4:56  Lair  
  49  5:08  Hatchery, Drone  
  49  5:09  Zergling x2  
  49  5:12  Drone x2  
  51  5:26  Zergling x2  
  52  5:32  Drone x2  
  52  5:33  Zergling x2  
  55  5:40  Drone, Zergling x2  
  57  5:47  Zergling x2  
  57  5:48  Drone, Zergling x4  
  57  5:49  Drone x2  
  63  5:55  Hatchery  
  62  6:03  Zergling x2  
  63  6:04  Drone  
  64  6:21  Drone  
  64  6:23  Zergling x6  
  64  6:24  Hatchery  
  67  6:30  Drone  
  67  6:31  Drone, Infestation Pit  
  68  6:41  Drone x3  
  68  6:42  Drone  
  68  6:44  Extractor  
  68  6:45  Hatchery  
  70  6:47  Drone x2  
  70  6:52  Hatchery  
  71  6:55  Extractor, Drone x4  
  71  6:56  Extractor, Drone  
  74  7:04  Evolution Chamber  
  74  7:08  Hive  
  73  7:14  Spire  
  72  7:15  Swarm Host  
  72  7:16  Swarm Host  
  78  7:24  Drone  
  79  7:33  Drone x2, Nydus Network  
  79  7:36  Overlord x5  
  80  7:37  Overlord  
  80  7:40  Drone  
  80  7:41  Drone  
  80  7:43  Drone  
  60  8:14  Swarm Host x4  
  60  8:15  Swarm Host x2  
  78  8:21  Nydus Canal  
  78  8:22  Swarm Host  
  81  8:28  Drone x4  
  81  8:29  Drone x7  
  81  8:30  Drone x4  
  96  8:44  Ultralisk Cavern  
  95  8:54  Drone x2  
  95  8:55  Drone x7  
  103  8:56  Drone  
  103  8:58  Extractor  
  103  8:59  Extractor  
  103  9:01  Drone  
  104  9:05  Swarm Host x2  
  104  9:06  Swarm Host  
  104  9:09  Corruptor  
  115  9:10  Overlord x4  
  115  9:17  Hatchery  
  115  9:20  Extractor  
  115  9:22  Extractor  
  112  9:26  Greater Spire  
  112  9:30  Drone x4  
  112  9:31  Drone x6  
  119  9:32  Drone x4  
  119  9:34  Extractor  
  125  9:42  Overlord x3  
  125  9:44  Drone x5  
  125  9:49  Drone  
  122  9:55  Ultralisk  
  122  9:56  Ultralisk  
  122  9:59  Zerg Melee Weapons Level 1  
  126  10:11  Corruptor x3  
  123  10:24  Corruptor x2  
  123  10:25  Drone  
  123  10:26  Drone x5  
  131  10:40  Ultralisk  
  137  10:47  Corruptor x2  
  141  10:57  Drone x3  
  141  10:58  Drone x4  
  141  11:03  Drone x2, Corruptor x2  
  152  11:07  Hatchery  
  150  11:14  Nydus Canal  
  150  11:20  Hatchery  
  149  11:30  Anabolic Synthesis  
  147  11:35  Nydus Canal  
  147  11:36  Drone x4  
  147  11:37  Drone x5  
  126  11:56  Corruptor x3  
  126  11:57  Corruptor  
  129  12:06  Drone x2  
Tags
 
Add a new tag
Caveats
  • Supply blocks, unpowered buildings, or Contaminate may cause inaccurate times.
  • Supply counts are checked every 10 seconds.